 Dungeon Crawl Stone Soup version 0.20.0-15-g7f486f2 (webtiles) character file.

7901 Monsterracer the Grappler (level 11, 0/94 HPs)
             Began as a Ghoul Monk on June 29, 2017.
             Was a Priest of Ru.
             Slain by a porcupine (3 damage)
             ... on level 10 of the Dungeon.
             The game lasted 00:26:23 (8121 turns).

Monsterracer the Grappler (Ghoul Monk)              Turns: 8121, Time: 00:26:24

Health: 0/94       AC: 12    Str: 15 (16) XL:     11   Next: 22%
Magic:  10/10      EV: 17    Int:  4 (5)  God:    Ru [***...]
Gold:   509        SH:  5    Dex: 17 (18) Spells: 9/10 levels left

rFire    + . .     SeeInvis +     - Unarmed
rCold    + + .     Gourm    .   f - +0 buckler
rNeg     + + +     Faith    .   u - +2 robe {rC+}
rPois    ∞         Spirit   .   o - +0 helmet
rElec    +         Reflect  .   q - +2 cloak of a treasure trove {Dex+4}
rCorr    .         Harm     .   s - +1 pair of gloves
MR       .....                  t - +0 pair of boots of the Tarantula {+Blink rElec rPois Slay+3}
Stlth    ++........             (no amulet)
Regen    0.0/turn               n - ring of see invisible
MPRegen  0.2/turn               a - ring of protection from fire

@: rotting
A: rotting body, claws 1, carnivore 3, cold resistance 1, negative energy
resistance 3, inhibited regeneration, torment resistance, unbreathing, hated by
all, no earth magic, no necromancy magic, no translocations magic
a: Draw Out Power, Renounce Religion, Evoke Blink


You were on level 10 of the Dungeon.
You worshipped Ru.
Ru was most pleased with you.
You were not hungry.

You visited 2 branches of the dungeon, and saw 12 of its levels.

You collected 754 gold pieces.
You spent 245 gold pieces at shops.

Inventory:

Armour
 f - a +0 buckler (worn)
 o - a +0 helmet (worn)
 q - the +2 cloak of a treasure trove (worn) {Dex+4}
   (You found it on level 5 of the Dungeon)

   It affects your dexterity (+4).
 s - a +1 pair of gloves (worn)
 t - the +0 pair of boots of the Tarantula (worn) {+Blink rElec rPois Slay+3}
   (You found it on level 7 of the Dungeon)

   It affects your accuracy and damage with ranged weapons and melee attacks
   (+3).
   It insulates you from electricity.
   It protects you from poison.
   It lets you blink.
 u - a +2 robe of cold resistance (worn)
Jewellery
 a - a ring of protection from fire (right hand)
 n - a ring of see invisible (left hand)
 r - an uncursed ring of ice
Wands
 i - a wand of iceblast (13/15)
 x - a wand of iceblast (9/15)
 y - a wand of paralysis (10/24)
 z - a wand of digging (7/24)
Scrolls
 d - 10 scrolls of teleportation
 e - 6 scrolls of identify
 g - a scroll of fog
 j - 3 scrolls of magic mapping
 l - a scroll of fear
 p - a scroll of blinking
 w - 2 scrolls of remove curse
 A - a scroll of recharging
Potions
 h - 5 potions of heal wounds
 k - a potion of curing
 v - a potion of might
Comestibles
 b - 3 meat rations
 c - 4 royal jellies
 m - 3 chunks of flesh


   Skills:
 + Level 8.1 Fighting
 + Level 6.1 Armour
 + Level 6.8 Dodging
 - Level 2.1 Stealth
 - Level 4.0 Shields
 * Level 12.5 Unarmed Combat
 + Level 1.3 Hexes


You had 9 spell levels left.
You knew the following spells:

 Your Spells              Type           Power        Failure   Level  Hunger
b - Confusing Touch       Hex            #.....       32%         1    ##.....


Dungeon Overview and Level Annotations

Branches:
Dungeon (11/15)            Temple (1/1) D:4            Lair (0/6) D:11
    Orc (0/2) D:9

Altars:
Cheibriados
Dithmenos
Fedhas
Makhleb
Nemelex Xobeh
Qazlal
Ru
Sif Muna
Yredelemnul
Zin
The Shining One
Beogh

Shops:
D:6 =   D:7 [   D:8 %??


Innate Abilities, Weirdness & Mutations

Your body is rotting away.
You thrive on raw meat.
You are immune to poison.
You have sharp fingernails.
You are carnivorous and can eat meat at any time.
Your flesh is cold resistant. (rC+)
You are immune to negative energy. (rN+++)
You do not regenerate when monsters are visible.
You are immune to unholy pain and torment.
You can survive without breathing.
You are hated by all.
You cannot study or cast Earth magic.
You cannot study or cast Necromancy magic.
You cannot study or cast Translocations magic.


Message History

You focus your will and illuminate the porcupine in retribution!
The porcupine bites you but does no damage.
The black bear misses you.
The black bear claws you but does no damage.
You block the black bear's attack.
Huge Dmg: -9%(-8hp) hp: 15%(14hp)
You punch the black bear!
You kill the black bear!
The porcupine closely misses you.
You closely miss the porcupine. The porcupine misses you.
You closely miss the porcupine.
The porcupine bites you but does no damage.
You closely miss the porcupine. The porcupine misses you.
You are struck by the porcupine's spines.
* * * LOW HITPOINT WARNING * * *
You punch the porcupine!
The porcupine is almost dead.
You focus your will and blind the porcupine in retribution!
The porcupine bites you.
You die...

..# ##................# # ..#
#................# # ..#####
#....>...........# ##
..#...#####...(...........######.
..................(..............
.......#####...............######
........# #..........#..### #
........## ##((......##..# #
.........## #...@...^##.## #
..........# ##...r.r###.# #
..........# ##....####.## #
..........## #..[## #...# #
...........# ##### #.#.## #
...........# #.#..# #
...........# ##.##.## #
...........# #..##..# #
..........## ### #.####.## #


You could see 2 porcupines.

Vanquished Creatures
  An ugly thing (D:10)
  Joseph (D:7)
  The ghost of miragecloak the Cudgeler, an amateur FoAK of Lugonu (D:4)
  Sigmund (D:5)
  A spriggan (D:7)
  6 yaks (D:9)
  4 humans (D:6)
  A steam dragon (D:9)
  Menkaure (D:5)
  Duvessa (D:6)
  2 porcupines
  2 ice beasts
  3 sky beasts
  2 necrophages (D:8)
  8 orc warriors
  2 black bears
  2 phantoms
  A wolf (D:10)
  2 ogres
  3 crocodiles
  4 centaurs
  Blork the orc (D:5)
  5 bullfrogs
  Dowan (D:6)
  5 scorpions
  3 wights (D:8)
  3 crimson imps
  2 bullfrog zombies
  4 jellies
  A quasit (D:7)
  A centaur zombie (D:6)
  6 hounds
  2 bullfrog skeletons
  2 iguanas
  3 orc priests (D:7)
  Jessica (D:2)
  7 orc wizards
  8 worker ants
  A hound zombie (D:9)
  4 gnolls (D:8)
  A howler monkey skeleton (D:7)
  15 adders
  2 shadow imps (D:8)
  An ooze (D:5)
  3 adder zombies
  A worm (D:2)
  A dart slug (D:1)
  5 leopard geckos
  47 orcs
  A ball python (D:3)
  5 giant cockroaches
  3 goblins
  10 hobgoblins
  9 jackals
  4 quokkas
  3 bats
  4 frilled lizards
  A giant cockroach zombie (D:6)
  A goblin skeleton (D:4)
  3 hobgoblin zombies (D:4)
  A jackal skeleton (D:4)
  10 kobolds
  A kobold skeleton (D:4)
  A kobold zombie (D:4)
  An orc skeleton (D:4)
  7 rats
  A fungus (D:10)
251 creatures vanquished.

Vanquished Creatures (others)
  An orc (D:8)
  A fungus (D:10)
2 creatures vanquished.

Grand Total: 253 creatures vanquished

Notes
Turn   | Place    | Note
-------+----------+-------------------------------------------
     0 | D:1      | Monsterracer the Ghoul Monk began the quest for the Orb.
     0 | D:1      | Reached XP level 1. HP: 19/19 MP: 0/0
   180 | D:1      | Reached XP level 2. HP: 17/26 MP: 1/1
   185 | D:1      | Reached skill level 4 in Unarmed Combat
   687 | D:2      | Reached XP level 3. HP: 19/31 MP: 2/2
   878 | D:2      | Noticed Jessica
   884 | D:2      | Killed Jessica
   884 | D:2      | Reached skill level 5 in Unarmed Combat
   884 | D:2      | Reached XP level 4. HP: 33/38 MP: 3/3
  1250 | D:2      | Reached skill level 6 in Unarmed Combat
  1398 | D:2      | Found a shadowy altar of Dithmenos.
  1492 | D:2      | Reached XP level 5. HP: 45/45 MP: 4/4
  1907 | D:3      | Reached skill level 7 in Unarmed Combat
  1915 | D:3      | Reached XP level 6. HP: 36/51 MP: 5/5
  2217 | D:4      | Found a staircase to the Ecumenical Temple.
  2223 | Temple   | Entered the Ecumenical Temple
  2233 | Temple   | Became a worshipper of Ru the Awakened
  2245 | D:4      | Fell from the grace of Ru
  2264 | Temple   | Became a worshipper of Ru the Awakened
  2473 | D:4      | Noticed miragecloak's ghost (amateur FoAK)
  2501 | D:4      | Killed miragecloak's ghost
  2501 | D:4      | Reached skill level 1 in Armour
  2501 | D:4      | Reached XP level 7. HP: 11/58 MP: 6/6
  2807 | D:4      | Found a glowing golden altar of the Shining One.
  2974 | D:4      | Found a stormy altar of Qazlal.
  3068 | D:4      | Found a deep blue altar of Sif Muna.
  3099 | D:5      | Entered Level 5 of the Dungeon
  3336 | D:5      | Noticed Menkaure
  3341 | D:5      | Killed Menkaure
  3341 | D:5      | Reached skill level 8 in Unarmed Combat
  3470 | D:5      | Noticed Sigmund
  3484 | D:5      | Killed Sigmund
  3484 | D:5      | Reached XP level 8. HP: 48/67 MP: 7/7
  3518 | D:5      | Got a jewelled cloak
  3527 | D:5      | Identified the +2 cloak of a treasure trove {Dex+4} (You found it on level 5 of the Dungeon)
  3582 | D:5      | Fell from the grace of Ru
  3667 | Temple   | Became a worshipper of Ru the Awakened
  3729 | D:5      | Noticed Blork the orc
  3735 | D:5      | Killed Blork the orc
  3821 | D:5      | Reached skill level 5 in Fighting
  3843 | D:5      | Found a sparkling altar of Nemelex Xobeh.
  3952 | D:5      | Reached skill level 9 in Unarmed Combat
  4134 | D:6      | Found Jyasiuj's Jewellery Shoppe.
  4266 | D:6      | Noticed Dowan
  4268 | D:6      | Noticed Duvessa
  4286 | D:6      | Reached XP level 9. HP: 75/75 MP: 8/8
  4296 | D:6      | Killed Duvessa
  4307 | D:6      | Reached skill level 10 in Unarmed Combat
  4310 | D:6      | Reached skill level 5 in Dodging
  4316 | D:6      | Killed Dowan
  4757 | D:7      | Learned a level 1 spell: Apportation
  4759 | D:7      | Learned a level 1 spell: Confusing Touch
  4761 | D:7      | Learned a level 1 spell: Animate Skeleton
  4800 | D:7      | Got a pair of polished boots
  4811 | D:7      | Identified the +0 pair of boots of the Tarantula {+Blink rElec rPois Slay+3} (You found it on level 7 of the Dungeon)
  4866 | D:7      | Reached skill level 1 in Shields
  4890 | D:7      | Gained mutation: You are hated by all. [Ru sacrifice]
  4890 | D:7      | Reached * piety under Ru
  5038 | D:7      | Found a blossoming altar of Fedhas.
  5040 | D:7      | Found a burning altar of Makhleb.
  5044 | D:7      | Found a glowing silver altar of Zin.
  5092 | D:7      | Found Jootor's Antique Armour Emporium.
  5096 | D:7      | Reached XP level 10. HP: 70/84 MP: 9/9
  5106 | D:7      | Bought a runed robe for 103 gold pieces
  5130 | D:7      | Reached skill level 11 in Unarmed Combat
  5233 | D:7      | Noticed Joseph
  5256 | D:7      | Killed Joseph
  5405 | D:7      | Found a roughly hewn altar of Beogh.
  5415 | D:7      | Reached skill level 5 in Armour
  5476 | D:8      | Found Inleid's Magic Scroll Emporium.
  5509 | D:8      | Bought a scroll of magic mapping for 45 gold pieces
  5509 | D:8      | Bought a scroll of enchant armour for 97 gold pieces
  5526 | D:8      | Found Couteol's Magic Scroll Shop.
  5599 | D:8      | Found Vasivud's Food Shop.
  5961 | D:8      | Found a snail-covered altar of Cheibriados.
  6055 | D:8      | Found a sparkling altar of Nemelex Xobeh.
  6453 | D:9      | Reached skill level 12 in Unarmed Combat
  6537 | D:9      | Gained mutation: You cannot study or cast Earth magic. [Ru sacrifice]
  6537 | D:9      | Gained mutation: You cannot study or cast Necromancy magic. [Ru sacrifice]
  6537 | D:9      | Gained mutation: You cannot study or cast Translocations magic. [Ru sacrifice]
  6537 | D:9      | Reached ** piety under Ru
  6537 | D:9      | Reached *** piety under Ru
  6566 | D:9      | Found a staircase to the Orcish Mines.
  6868 | D:10     | Entered Level 10 of the Dungeon
  7054 | D:10     | Reached XP level 11. HP: 80/94 MP: 10/10
  7060 | D:10     | Noticed a white ugly thing
  7083 | D:10     | Killed a white ugly thing
  7435 | D:10     | Reached skill level 1 in Hexes
  8063 | D:11     | Found a staircase to the Lair.
  8121 | D:10     | HP: 3/94 [porcupine's spines (11)]
  8121 | D:10     | Slain by a porcupine

Skill      XL: |  1  2  3  4  5  6  7  8  9 10 11 |
---------------+----------------------------------+-----
Unarmed Combat | 4 5 6 7 8 9 10 12 | 12.5
Armour         | 1 2 3 4 5 6 |  6.1
Dodging        | 3 4 5 6 |  6.8
Fighting       | 4 5 6 7 8 |  8.1
Shields        | 1 3 4 |  4.0
Hexes          | 1 |  1.3
Stealth        | |  2.1

Action                   |  1- 3 |  4- 6 |  7- 9 | 10-12 || total
-------------------------+-------+-------+-------+-------++-------
Melee: Unarmed           |    77 |   124 |   314 |   400 ||   915
       Punch             |     1 |       |    19 |    12 ||    32
 Cast: Confusing Touch   |       |       |       |     2 ||     2
Invok: Renounce Religion |       |     1 |     1 |       ||     2
       Sacrifice Love    |       |       |     1 |       ||     1
       Sacrifice Arcana  |       |       |       |     1 ||     1
  Use: Potion            |     3 |     3 |     3 |     3 ||    12
       Scroll            |       |     5 |     9 |     6 ||    20
 Stab: Sleeping          |     2 |     4 |     1 |     4 ||    11
       Distracted        |       |       |     1 |     3 ||     4
       Invisible         |       |       |       |     1 ||     1
  Eat: Chunk             |    11 |    13 |    29 |    31 ||    84
Armor: Robe              |     6 |    19 |       |    79 ||   104
       Ring mail         |       |    21 |    76 |     1 ||    98
Dodge: Dodged            |    40 |    70 |   169 |   230 ||   509
Block: Buckler           |       |       |       |    34 ||    34
